cohdb
Replays
Latest Replays
All Replays
Popular Replays
Top Player Replays
Match Explorer
How It Works
Community
CoH3 Stats
Reddit
Sign in to upload your games and track your stats! →
Sign in with Steam
Match 47178002
Unlisted
Match 47178002
Overview
Messages
Build Orders
End
Pioneer Squad
Construct Infanterie Kompanie
Grenadier Squad
Grenadier Squad
MG 42 Machine Gun Team
Selects Terror Battlegroup
Selects Terror Battlegroup
Selects Machine Gun Camouflage
Infanterie Officer Quarters
Grenadier Squad
Construct Panzergrenadier Kompanie
Pak 40 Anti-tank Gun Team
MG 42 Machine Gun Team
Panzergrenadier Squad
Support Elements
Selects No Quarter
Medical Bunker
StuG III G Assault Gun
Nebelwerfer 42 Rocket Launcher Team
Panzergrenadier Officer Quarters
251 Medium Carrier
Repair Bunker
Selects King Tiger Heavy Tank
King Tiger Heavy Tank
Selects Interrogate
Pioneer Squad
Selects Propaganda Leaflet Drop
Selects V1 Rocket Strike
King Tiger Heavy Tank
Pioneer Squad
StuG III G Assault Gun
StuG III G Assault Gun
Side Skirts
Repair Bunker
V1 Rocket Strike
乱杀大王
PutPut-AutistInPerfection
DaPopeCOH
Rowdy
0
0
Comments
sign in to comment!
No comments posted yet!